 Dungeon Crawl Stone Soup version 0.20.1-1-g8b1a95d (webtiles) character file.

3689 Jerry the Carver (level 9, -8/68 HPs)
             Began as a Demigod Fighter on Oct 23, 2017.
             Mangled by an orc warrior
             ... wielding a +2 short sword of freezing
              (10 damage)
             ... on level 8 of the Dungeon.
             The game lasted 00:31:21 (9713 turns).

Jerry the Carver (Demigod Fighter)                  Turns: 9713, Time: 00:31:22

Health: -8/68      AC: 12    Str: 25    XL:     9   Next: 59%
Magic:  20/20      EV: 15    Int: 15    God:
Gold:   366        SH:  0    Dex: 15    Spells: 8/8 levels left

rFire    . . .     SeeInvis .   x - +0 long sword (freeze)
rCold    + . .     Gourm    .   (no shield)
rNeg     . . .     Faith    .   q - +1 ring mail {rC+}
rPois    .         Spirit   .   j - +0 helmet
rElec    .         Reflect  .   d - +0 cloak
rCorr    .         Harm     .   g - +0 pair of gloves
MR       .....                  m - +0 pair of boots
Stlth    +.........             (no amulet)
Regen    0.3/turn               n - ring of magical power
MPRegen  0.2/turn               a - +3 ring of intelligence

@: drained
A: high mp 1
a: no special abilities


You were on level 8 of the Dungeon.
You were near starving.

You visited 1 branch of the dungeon, and saw 8 of its levels.

You collected 366 gold pieces.

Inventory:

Hand Weapons
 x - a +0 long sword of freezing (weapon)
Armour
 c - a +0 shield
 d - a +0 cloak (worn)
 g - a +0 pair of gloves (worn)
 j - a +0 helmet (worn)
 m - a +0 pair of boots (worn)
 q - a +1 ring mail of cold resistance (worn)
Jewellery
 a - a +3 ring of intelligence (right hand)
 n - a ring of magical power (left hand)
Wands
 h - a wand of iceblast (8/15)
Scrolls
 l - a scroll of identify
 p - 2 scrolls of blinking
 u - a scroll of remove curse
Potions
 e - 5 potions of curing
 r - a potion of agility
 s - a potion of magic {unknown}
 t - 2 potions of brilliance {unknown}
 v - 3 potions of resistance
Comestibles
 b - a royal jelly
 f - 7 bread rations
 i - 7 meat rations
 k - 6 fruits


   Skills:
 - Level 2.6(2.3) Fighting
 * Level 9.5(9.1) Long Blades
 + Level 6.9(6.5) Armour
 + Level 6.1(5.8) Dodging
 - Level 3.3(3.0) Shields


You had 8 spell levels left.
You didn't know any spells.

Dungeon Overview and Level Annotations

Branches:
Dungeon (8/15)             Temple (0/1) D:6
   Lair: D:8-11

Shops:
D:6 :


Innate Abilities, Weirdness & Mutations

You have an increased reservoir of magic. (+10% MP)


Message History

The orc warrior is heavily wounded.
The orc warrior hits you with a short sword of freezing!
* * * LOW HITPOINT WARNING * * *
The orc warrior freezes you.
* * * LOW HITPOINT WARNING * * *
You closely miss the orc warrior.
The orc warrior is heavily wounded.
The orc priest looks braver for a moment.
The orc warrior misses you.
You riposte.
You hit the orc warrior. You freeze the orc warrior.
The orc warrior is severely wounded.
You closely miss the orc warrior.
The orc warrior is severely wounded.
The orc warrior hits you with a short sword of freezing!
* * * LOW HITPOINT WARNING * * *
You barely miss the orc warrior.
The orc warrior is severely wounded.
The orc priest miscasts a cantrip.
The orc warrior hits you with a short sword of freezing!
You die...

##...####.........
#..## ##.......#
#.## ##.....## #.#
##...## ##.# ##+##
#..# #.## #.# #@#
#o######.#
#o...o.o..
########.#


You could see an orc warrior and an orc priest.

Vanquished Creatures
  Pikel (D:3)
  Grinder (D:4)
  A hippogriff (D:7)
  Sigmund (D:4)
  Eustachio (D:6)
  A hungry ghost (D:5)
  Menkaure (D:6)
  An orc warrior (D:7)
  Duvessa (D:4)
  A sky beast (D:5)
  3 ogres
  3 centaurs
  2 bullfrogs
  Blork the orc (D:5)
  Dowan (D:4)
  5 scorpions
  4 wights (D:7)
  A howler monkey (D:5)
  A quasit (D:5)
  A centaur zombie (D:5)
  A bullfrog zombie (D:6)
  An orc priest (D:5)
  2 jellies
  Crazy Yiuf (D:2)
  A hound (D:7)
  Terence (D:2)
  2 iguanas
  5 worker ants
  4 orc wizards
  A hound skeleton (D:6)
  Robin (D:2)
  8 adders
  4 gnolls
  A shadow imp (D:7)
  2 oozes (D:4)
  An adder skeleton (D:6)
  3 worms (D:2)
  2 dart slugs
  6 leopard geckos
  22 orcs
  5 giant cockroaches
  19 goblins
  7 hobgoblins
  3 jackals (D:2)
  6 kobolds
  8 quokkas
  3 bats
  16 frilled lizards
  A leopard gecko skeleton (D:5)
  A leopard gecko zombie (D:6)
  A quokka skeleton (D:5)
  A quokka zombie (D:6)
  10 rats
182 creatures vanquished.

Notes
Turn   | Place    | Note
-------+----------+-------------------------------------------
     0 | D:1      | Jerry the Demigod Fighter began the quest for the Orb.
     0 | D:1      | Reached XP level 1. HP: 18/18 MP: 3/3
   172 | D:1      | Reached skill level 2 in Long Blades
   235 | D:1      | Reached XP level 2. HP: 25/25 MP: 4/4
  1121 | D:2      | Reached XP level 3. HP: 30/30 MP: 5/5
  1164 | D:2      | Noticed Robin
  1401 | D:2      | Killed Robin
  1401 | D:2      | Reached skill level 1 in Dodging
  1695 | D:2      | Found a runed door.
  1741 | D:2      | Reached skill level 3 in Long Blades
  1888 | D:2      | Noticed Terence
  1892 | D:2      | Reached XP level 4. HP: 37/37 MP: 6/6
  2006 | D:2      | Killed Terence
  2429 | D:2      | Noticed Crazy Yiuf
  2438 | D:2      | Killed Crazy Yiuf
  2438 | D:2      | Reached XP level 5. HP: 22/42 MP: 7/7
  2878 | D:3      | Found a faded altar of an unknown god.
  2975 | D:3      | Found a shattered altar of Ashenzari.
  3533 | D:4      | Noticed Pikel
  3533 | D:4      | Noticed a slave
  3534 | D:4      | Noticed a slave
  3535 | D:4      | Noticed a slave
  3580 | D:4      | Noticed Grinder
  3606 | D:4      | Noticed an ogre
  3606 | D:4      | Noticed Dowan
  3629 | D:3      | Killed an ogre
  3629 | D:3      | Reached skill level 4 in Long Blades
  3908 | D:4      | Noticed Duvessa
  4055 | D:4      | Killed Duvessa
  4055 | D:4      | Reached XP level 6. HP: 28/50 MP: 8/8
  4062 | D:4      | Killed Dowan
  4198 | D:4      | Paralysed by Grinder for 5 turns
  4207 | D:4      | Noticed Sigmund
  4294 | D:4      | Killed Sigmund
  4294 | D:4      | Reached skill level 5 in Long Blades
  4294 | D:4      | Reached XP level 7. HP: 48/56 MP: 9/9
  4705 | D:3      | Killed Pikel
  4705 | D:3      | Reached skill level 6 in Long Blades
  4705 | D:3      | Reached skill level 5 in Armour
  5130 | D:4      | Paralysed by Grinder for 4 turns
  5142 | D:4      | Killed Grinder
  5142 | D:4      | Reached XP level 8. HP: 15/62 MP: 10/10
  5487 | D:5      | Entered Level 5 of the Dungeon
  5605 | D:5      | Reached skill level 7 in Long Blades
  5978 | D:5      | Reached skill level 5 in Dodging
  6113 | D:5      | Reached skill level 8 in Long Blades
  6403 | D:6      | Found a basalt altar of Yredelemnul.
  6408 | D:6      | Noticed Menkaure
  6607 | D:6      | Found a staircase to the Ecumenical Temple.
  6730 | D:6      | Found Mehesin's Book Shoppe.
  6755 | D:6      | Noticed Eustachio
  6773 | D:6      | Noticed Blork the orc
  6795 | D:5      | Killed Blork the orc
  6795 | D:5      | Reached XP level 9. HP: 55/68 MP: 11/11
  7256 | D:6      | Found an ancient bone altar of Kikubaaqudgha.
  7336 | D:6      | Killed Eustachio
  7447 | D:6      | Killed Menkaure
  7738 | D:6      | Found a shattered altar of Ashenzari.
  7738 | D:6      | Found a radiant altar of Vehumet.
  7741 | D:6      | Found a deep blue altar of Sif Muna.
  8368 | D:7      | Reached skill level 9 in Long Blades
  8744 | D:7      | Found an iron altar of Okawaru.
  9362 | D:8      | Noticed a two-headed ogre
  9712 | D:8      | HP: 2/68 [orc warrior/short sword of freezing (7)]
  9713 | D:8      | Mangled by an orc warrior

Skill      XL: |  1  2  3  4  5  6  7  8  9 |
---------------+----------------------------+-----
Long Blades    | 2 3 4 5 6 8 9 |  9.5
Shields        | 3 |  3.3
Armour         | 3 4 5 6 |  6.9
Dodging        | 1 2 3 4 5 6 |  6.1
Fighting       | |  2.6

Action                   |  1- 3 |  4- 6 |  7- 9 || total
-------------------------+-------+-------+-------++-------
Melee: Long sword        |   181 |   157 |   427 ||   765
  Use: Potion            |     1 |     2 |     2 ||     5
       Scroll            |       |     1 |     9 ||    10
  Eat: Chunk             |     4 |     7 |    19 ||    30
       Meat ration       |       |       |     1 ||     1
       Royal jelly       |       |       |     1 ||     1
Armor: Scale mail        |    56 |    25 |       ||    81
       Ring mail         |       |    38 |   220 ||   258
Dodge: Dodged            |    46 |    82 |   343 ||   471
Block: Shield            |    99 |     1 |       ||   100
       Rpst.: Long sword |    15 |    25 |    90 ||   130
